 Dungeon Sprint DCSS version 0.22-a0-348-gd16d139 (webtiles) character file.

21032 emperorscorpion the Deadly Accurate (level 12, -12/119 HPs)
             Began as a Troll Hunter on Apr 9, 2018.
             Was the Champion of Trog.
             Killed from afar by a fire dragon (21 damage)
             ... with a blast of flame
             ... in the Dungeon (Sprint IX: "|||||||||||||||||||||||||||||").
             The game lasted 00:13:14 (939 turns).

emperorscorpion the Deadly Accurate (Troll Hunter)   Turns: 939, Time: 00:13:15

Health: -12/119    AC:  9    Str: 27    XL:     12   Next: 50%
Magic:  13/13      EV: 18    Int:  4    God:    Trog [******]
Gold:   1153       SH:  0    Dex: 20    Spells: 11/11 levels left

rFire    + . .     SeeInvis .   r - +10 demon whip of Trog's Scorn {elec, Fragile rF+ Int-3 Dex+7}
rCold    . . .     Gourm    +   (no shield)
rNeg     . . .     Faith    .   b - +0 robe
rPois    +         Spirit   .   (helmet restricted)
rElec    .         Reflect  .   G - +1 cloak {rPois}
rCorr    .         Harm     .   (gloves unavailable)
MR       .....     NoTele   +   (boots unavailable)
Stlth    ++........             (no amulet)
HPRegen  0.69/turn              p - +3 ring of dexterity
MPRegen  0.13/turn              q - +2 ring of protection

@: no status effects
A: large, unfitting armour, claws 3, fast metabolism 3, gourmand, regeneration
1, shaggy fur 1, tough skin 2
a: Berserk, Trog's Hand, Brothers in Arms, Renounce Religion


You were in the Dungeon.
You worshipped Trog.
Trog was exalted by your worship.
You were not hungry.

You visited 1 branch You collected 1917 gold pieces.
You spent 764 gold pieces at shops.

Inventory:

Hand Weapons
 a - a +0 blowgun
 r - the +10 demon whip of Trog's Scorn (weapon) {elec, Fragile rF+ Int-3 Dex+7}
   (Trog gifted it to you in the Dungeon)

   Occasionally, upon striking a foe, it will discharge some electrical energy
   and cause terrible harm.
   It affects your intelligence (-3).
   It affects your dexterity (+7).
   It protects you from fire.
   It will be destroyed if unequipped.
Missiles
 d - 2 throwing nets (quivered) {!f}
 y - 14 curare-tipped needles
 C - 7 silver tomahawks
 D - 2 needles of confusion
 F - 2 silver javelins
Armour
 b - a +0 robe (worn)
 o - a +0 cloak
 E - a +2 robe of positive energy
 G - a +1 cloak of poison resistance (worn)
 M - +0 swamp dragon scales
 N - +1 ice dragon scales
Magical Staves
 n - an uncursed staff of energy
Jewellery
 p - a +3 ring of dexterity (left claw)
 q - a +2 ring of protection (right claw)
 v - an uncursed ring of resist corrosion
 J - an uncursed ring of see invisible
 K - an uncursed ring of fire
 L - an uncursed ring of fire
Scrolls
 k - 4 scrolls of blinking
 l - 5 scrolls of remove curse
 w - 3 scrolls of fear
 x - 4 scrolls of identify
 O - 2 scrolls of enchant weapon
Potions
 e - 10 potions of curing
 g - 4 potions of heal wounds
 h - 3 potions of haste
 i - 4 potions of magic
 j - a potion of invisibility
 s - 3 potions of mutation
 t - a potion of might
 u - 2 potions of brilliance
 z - 2 potions of agility
 H - a potion of berserk rage
 I - a potion of ambrosia
Comestibles
 f - 12 rations


   Skills:
 + Level 8.1 Fighting
 * Level 11.6 Maces & Flails
 + Level 18.9 Throwing
 + Level 10.5 Dodging
 - Level 0.6 Stealth
 - Level 14.0 Unarmed Combat
 - Level 3.7 Evocations


You had 11 spell levels left.
You didn't know any spells.

Dungeon Overview and Level Annotations

Branches:
Dungeon (1/1)

Altars:
Cheibriados
Dithmenos
Elyvilon
Fedhas
Gozag
Hepliaklqana
Kikubaaqudgha
Makhleb
Nemelex Xobeh
Okawaru
Qazlal
Ru
Sif Muna
Trog
Uskayaw
Vehumet
Wu Jian
Xom
Yredelemnul
Zin
The Shining One
Beogh
Jiyva
Lugonu

Shops:
D (([


Innate Abilities, Weirdness & Mutations

You are too large for most types of armour.
You have claws for hands.
Your metabolism is lightning-fast.
You like to eat raw meat.
Your natural rate of healing is unusually fast.
You are covered in fur. (AC +1)
You have very tough skin. (AC +2)


Message History

Aim: a fire dragon (almost dead, poisoned)
You throw an exploding tomahawk.
The exploding tomahawk hits the fire dragon but does no damage.
The fire dragon is almost dead.
The exploding tomahawk explodes!
The explosion of tomahawk fragments engulfs the fire dragon.
The fire dragon is almost dead.
You hear a shout!
Throwing (i - inventory. (/) - cycle)
c - an exploding tomahawk (quivered)
Press: ? - help, Shift-Dir - straight line, f/p - fire dragon
Aim: a fire dragon (almost dead, poisoned)
You throw an exploding tomahawk.
The exploding tomahawk hits the fire dragon!
The fire dragon is almost dead.
The exploding tomahawk explodes!
The explosion of tomahawk fragments engulfs the fire dragon.
The fire dragon is almost dead.
The fire dragon breathes flames at you. The blast of flame hits you!
You resist.
You die...

▓.▓.▓.▓.▓.▓.▓_▓
▓.▓.▓.▓.▓.▓.▓_▓
▓.▓.▓.▓.▓.▓.▓_▓
▓.▓.▓.▓.▓.▓.▓_▓
▓.▓.▓.▓.▓.▓.▓_▓
▓.▓.▓)▓.▓†▓.▓_▓
▓.▓.▓)▓.▓(▓.▓_▓
▓.▓.▓)▓.▓†▓.▓'▓
▓@▓.▓.▓.▓.▓.▓.▓
▓)▓.▓.▓.▓.▓.▓?▓
▓D▓.▓.▓.▓.▓.▓.▓
▓(▓.▓.▓.▓.▓.▓)▓
▓)▓.▓∩▓)▓†▓.▓.▓
▓(▓.▓)▓.▓.▓.▓[▓
▓.▓.▓∩▓.▓.▓.▓[▓
▓(▓.▓[▓.▓.▓.▓.▓
▓.▓!▓.▓(▓.▓.▓


You could see a fire dragon.

Vanquished Creatures
  A fire giant (D)
  A frost giant (D)
  A very ugly thing (D)
  6 ogre magi (D)
  A great orb of eyes (D)
  2 hydras (D)
  A centaur warrior (D)
  5 two-headed ogres (D)
  A tengu warrior (D)
  Sonja (D)
  An orc knight (D)
  2 spiny frogs (D)
  2 komodo dragons (D)
  2 tyrant leeches (D)
  5 blink frogs (D)
  A hippogriff (D)
  A yak (D)
  A wyvern (D)
  A steam dragon (D)
  A vampire mosquito (D)
  A water moccasin (D)
  13 orc warriors (D)
  2 porcupines (D)
  A sky beast (D)
  2 ogres (D)
  A crocodile (D)
  A centaur (D)
  6 bullfrogs (D)
  A scorpion (D)
  A crimson imp (D)
  2 hounds (D)
  A jelly (D)
  2 orc priests (D)
  5 orc wizards (D)
  A worker ant (D)
  2 shadow imps (D)
  An adder zombie (D)
  6 orcs (D)
  2 bat skeletons (D)
  A goblin (D)
  2 hobgoblins (D)
  A quokka (D)
  A ball python (D)
  A frilled lizard (D)
  A giant cockroach zombie (D)
  A leopard gecko skeleton (D)
  A rat (D)
97 creatures vanquished.

Vanquished Creatures (collateral kills)
  A crocodile (D)
  A bullfrog (D)
2 creatures vanquished.

Grand Total: 99 creatures vanquished

Notes
Turn   | Place    | Note
-------+----------+-------------------------------------------
     0 | D        | emperorscorpion the Troll Hunter began the quest for the Orb.
     0 | D        | Reached XP level 1. HP: 19/19 MP: 0/0
    12 | D        | Reached skill level 4 in Throwing
    28 | D        | Noticed a centaur
    33 | D        | Reached XP level 2. HP: 29/29 MP: 1/1
    52 | D        | Reached skill level 5 in Throwing
    57 | D        | Killed a centaur
    57 | D        | Reached skill level 7 in Throwing
    57 | D        | Reached XP level 3. HP: 29/36 MP: 2/2
    57 | D        | Reached XP level 4. HP: 36/44 MP: 3/3
    69 | D        | Found a roughly hewn altar of Beogh.
    69 | D        | Found a snail-covered altar of Cheibriados.
    69 | D        | Found a shadowy altar of Dithmenos.
    69 | D        | Found a white marble altar of Elyvilon.
    69 | D        | Found a blossoming altar of Fedhas.
    69 | D        | Found an opulent altar of Gozag.
    70 | D        | Found a hazy altar of Hepliaklqana.
    71 | D        | Found a viscous altar of Jiyva.
    72 | D        | Found an ancient bone altar of Kikubaaqudgha.
    73 | D        | Found a corrupted altar of Lugonu.
    74 | D        | Found a burning altar of Makhleb.
    75 | D        | Found a sparkling altar of Nemelex Xobeh.
    76 | D        | Found an iron altar of Okawaru.
    77 | D        | Found a stormy altar of Qazlal.
    78 | D        | Found a sacrificial altar of Ru.
    79 | D        | Found a deep blue altar of Sif Muna.
    80 | D        | Found a bloodstained altar of Trog.
    81 | D        | Found a hide-covered altar of Uskayaw.
    82 | D        | Found a radiant altar of Vehumet.
    83 | D        | Found an ornate altar of the Wu Jian Council.
    84 | D        | Found a shimmering altar of Xom.
    85 | D        | Found a basalt altar of Yredelemnul.
    86 | D        | Found a glowing silver altar of Zin.
    87 | D        | Found a glowing golden altar of the Shining One.
    88 | D        | Became a worshipper of Trog the Wrathful
   121 | D        | Noticed a sky beast
   121 | D        | Noticed a steam dragon
   125 | D        | Killed a sky beast
   125 | D        | Reached skill level 9 in Throwing
   125 | D        | Reached XP level 5. HP: 44/53 MP: 4/4
   129 | D        | Reached * piety under Trog
   129 | D        | Killed a steam dragon
   129 | D        | Reached skill level 10 in Throwing
   129 | D        | Reached skill level 5 in Unarmed Combat
   129 | D        | Reached XP level 6. HP: 52/62 MP: 5/5
   134 | D        | Reached ** piety under Trog
   134 | D        | Reached skill level 1 in Evocations
   165 | D        | Reached *** piety under Trog
   166 | D        | Received a gift from Trog
   166 | D        | Reached skill level 11 in Throwing
   166 | D        | Reached XP level 7. HP: 56/70 MP: 6/6
   282 | D        | Noticed a spiny frog
   282 | D        | Noticed a spiny frog
   282 | D        | Noticed a hippogriff
   286 | D        | Killed a spiny frog
   286 | D        | Reached skill level 5 in Dodging
   295 | D        | Reached skill level 12 in Throwing
   305 | D        | Killed a spiny frog
   305 | D        | Reached **** piety under Trog
   305 | D        | Reached XP level 8. HP: 50/79 MP: 8/8
   312 | D        | Killed a hippogriff
   312 | D        | Received a gift from Trog
   312 | D        | Reached skill level 5 in Fighting
   324 | D        | Reached skill level 10 in Unarmed Combat
   364 | D        | Noticed a komodo dragon
   364 | D        | Noticed a six-headed hydra
   364 | D        | Noticed a six-headed hydra
   366 | D        | Killed a komodo dragon
   371 | D        | Reached XP level 9. HP: 26/88 MP: 9/9
   372 | D        | Killed a six-headed hydra
   372 | D        | Received a gift from Trog
   372 | D        | Reached skill level 13 in Throwing
   373 | D        | Killed a six-headed hydra
   374 | D        | Noticed a komodo dragon
   375 | D        | Received a gift from Trog
   377 | D        | Reached ***** piety under Trog
   384 | D        | Killed a komodo dragon
   384 | D        | Reached XP level 10. HP: 36/98 MP: 11/11
   414 | D        | Reached skill level 14 in Throwing
   418 | D        | Received a gift from Trog
   428 | D        | Received a gift from Trog
   484 | D        | Noticed Sonja
   492 | D        | Killed Sonja
   568 | D        | Received a gift from Trog
   578 | D        | Reached ****** piety under Trog
   579 | D        | Received a gift from Trog
   582 | D        | Got a crude demon whip {god gift}
   609 | D        | Identified the +10 demon whip of Trog's Scorn {elec, Fragile rF+ Int-3 Dex+7} (Trog gifted it to you in the Dungeon)
   617 | D        | Received a gift from Trog
   622 | D        | Reached skill level 15 in Throwing
   630 | D        | Noticed an orc knight
   637 | D        | Killed an orc knight
   651 | D        | Reached XP level 11. HP: 71/107 MP: 12/12
   672 | D        | Found Veffa's Weapon Emporium.
   672 | D        | Noticed an ogre mage
   672 | D        | Noticed an ogre mage
   672 | D        | Noticed an ogre mage
   672 | D        | Noticed a two-headed ogre
   673 | D        | Noticed a two-headed ogre
   676 | D        | Killed an ogre mage
   676 | D        | Received a gift from Trog
   676 | D        | Reached skill level 16 in Throwing
   679 | D        | Noticed an ogre mage
   681 | D        | Killed an ogre mage
   681 | D        | Received a gift from Trog
   686 | D        | Noticed a two-headed ogre
   686 | D        | Killed a two-headed ogre
   686 | D        | Killed a two-headed ogre
   687 | D        | Killed an ogre mage
   687 | D        | Reached skill level 5 in Maces & Flails
   687 | D        | Reached skill level 17 in Throwing
   690 | D        | Killed an ogre mage
   690 | D        | Received a gift from Trog
   694 | D        | Killed a two-headed ogre
   699 | D        | Found Tiavvutu's Weapon Shoppe.
   704 | D        | Found Siah's Distillery.
   708 | D        | Found Yciovuuqurgh's Armour Shoppe.
   710 | D        | Noticed an ogre mage
   713 | D        | Noticed an ogre mage
   715 | D        | Noticed a two-headed ogre
   716 | D        | Killed an ogre mage
   716 | D        | Received a gift from Trog
   716 | D        | Reached skill level 10 in Dodging
   718 | D        | Noticed a two-headed ogre
   719 | D        | Killed an ogre mage
   721 | D        | Killed a two-headed ogre
   721 | D        | Received a gift from Trog
   721 | D        | Reached skill level 18 in Throwing
   727 | D        | Killed a two-headed ogre
   740 | D        | Bought a +1 cloak of poison resistance for 162 gold pieces
   752 | D        | Bought a potion of curing for 42 gold pieces
   752 | D        | Bought a potion of berserk rage for 70 gold pieces
   752 | D        | Bought a potion of brilliance for 56 gold pieces
   752 | D        | Bought 2 potions of heal wounds for 140 gold pieces
   752 | D        | Bought a potion of ambrosia for 112 gold pieces
   752 | D        | Bought 2 potions of degeneration for 28 gold pieces
   752 | D        | Bought a potion of curing for 42 gold pieces
   752 | D        | Bought a potion of mutation for 112 gold pieces
   853 | D        | Found the +4 Vampire's Tooth {vamp}
   899 | D        | Noticed a tengu warrior
   899 | D        | Noticed a centaur warrior
   900 | D        | Reached XP level 12. HP: 118/118 MP: 13/13
   907 | D        | Killed a tengu warrior
   908 | D        | Noticed a cyan very ugly thing
   912 | D        | Killed a centaur warrior
   912 | D        | Received a gift from Trog
   920 | D        | Noticed a fire giant
   921 | D        | Killed a cyan very ugly thing
   921 | D        | Received a gift from Trog
   921 | D        | Reached skill level 10 in Maces & Flails
   925 | D        | Noticed a great orb of eyes
   927 | D        | Killed a fire giant
   928 | D        | Noticed a frost giant
   930 | D        | Killed a great orb of eyes
   931 | D        | Noticed a fire dragon
   932 | D        | Killed a frost giant
   932 | D        | Received a gift from Trog
   939 | D        | Killed from afar by a fire dragon

Vault maps used:
D:        linesprint

Skill      XL: |  1  2  3  4  5  6  7  8  9 10 11 12 |
---------------+-------------------------------------+-----
Fighting       | 2 3 4 5 6 7 8 |  8.1
Throwing       | 4 7 9 10 11 12 13 15 18 | 18.9
Dodging        | 2 3 4 5 6 8 9 10 | 10.5
Unarmed Combat | 2 4 5 6 9 10 13 14 | 14.0
Evocations     | 1 2 3 |  3.7
Maces & Flails | 8 11 | 11.6
Stealth        | |  0.6

Action                   |  1- 3 |  4- 6 |  7- 9 | 10-12 || total
-------------------------+-------+-------+-------+-------++-------
Melee: Unarmed           |    37 |    25 |    23 |    11 ||    96
       Demon whip        |       |       |       |    37 ||    37
       Punch             |       |       |       |     5 ||     5
Throw: Javelin           |       |       |    10 |    22 ||    32
       Large rock        |       |       |    13 |    81 ||    94
       Throwing net      |       |       |     1 |       ||     1
       Tomahawk          |       |       |       |     4 ||     4
Invok: Berserk           |       |     1 |     1 |       ||     2
       Trog's Hand       |       |       |     4 |     5 ||     9
       Brothers in Arms  |       |       |     1 |       ||     1
Evoke: Wand              |       |     4 |     4 |     2 ||    10
  Use: Potion            |     1 |       |     1 |       ||     2
  Eat: Chunk             |       |       |    13 |       ||    13
Armor: Robe              |    10 |     9 |    12 |    15 ||    46
Dodge: Dodged            |    11 |     9 |    37 |    57 ||   114

Table legend:
 A = Spawn XP
 B = Non-spawn XP
 C = Spawn XP percentage of total XP
 D = Spawn monster count
 E = Non-spawn monster count
 F = Spawn count percentage of total count
 G = Total turns spent on level
                    A         B        C        D         E        F      G
               +---------+---------+-------+---------+---------+-------+---------
         Total |       0 |   30047 |   0.0 |       0 |      99 |   0.0 |   939
               +---------+---------+-------+---------+---------+-------+---------
             D |       0 |   30047 |   0.0 |       0 |      99 |   0.0 |   939
               +---------+---------+-------+---------+---------+-------+---------
